 Dungeon Crawl Stone Soup version 0.32-a0-791-gfc315c9ecd (webtiles) character file.

Game seed: 8649943687751846528

177 AeshMezareph the Trooper (level 5, -5/55 HPs)
             Began as an Oni Warper on Mar 20, 2024.
             Splashed by a jelly's acid (8 damage)
             ... on level 4 of the Dungeon.
             The game lasted 00:06:42 (2301 turns).

AeshMezareph the Trooper (Oni Warper)               Turns: 2301, Time: 00:06:43

Health: -5/55      AC: -5    Str: 22 (23) XL:     5   Next: 57%
Magic:  11/11      EV:  8    Int: 13 (14) God:
Gold:   140        SH:  0    Dex:  5 (8)  Spells: 12/12 levels left

rFire   . . .        p - +0 dire flail
rCold   . . .        (shield currently unavailable)
rNeg    . . .        b - +0 robe
rPois   .            (helmet restricted)
rElec   .            (no cloak)
rCorr   .            (gloves unavailable)
SInv    .            (boots unavailable)
Will    .....        h - amulet of the acrobat
Stlth   +            f - +6 ring of strength
HPRegen 0.29/turn    (no ring)
MPRegen 0.12/turn

%: acrobat
@: corroded
A: large, unfitting armour, horns 1, tough skin 1, double potion healing,
drunken brawling
a: no special abilities


You were on level 4 of the Dungeon.
You visited 1 branch of the dungeon, and saw 4 of its levels.

You collected 140 gold pieces.

Inventory:

Hand Weapons
 a - a +0 mace
 p - a +0 dire flail (weapon)
Missiles
 d - 7 darts of dispersal (quivered)
Armour
 b - a +0 robe (worn)
Jewellery
 f - a +6 ring of strength (left hand)
 h - an amulet of the acrobat (around neck)
Scrolls
 c - a scroll of blinking
 e - a scroll of acquirement {unknown}
 i - 2 scrolls of silence {unknown}
 j - 3 scrolls of identify {unknown}
 l - a scroll of revelation {unknown}
 n - 2 scrolls of noise {unknown}
 q - a scroll of amnesia {unknown}
 r - a scroll of teleportation {unknown}
Potions
 k - a potion of mutation {unknown}
 m - a potion of berserk rage
 o - a potion of magic {unknown}


   Skills:
 + Level 4.9 Fighting
 + Level 3.5 Maces & Flails
 - Level 1.0 Throwing
 - Level 2.1 Dodging
 + Level 4.0 Spellcasting
 - Level 2.6 Translocations


You had 12 spell levels left.
You didn't know any spells.
Your spell library contained the following spells:

 Spells                   Type           Power      Damage    Failure   Level
 Blink                    Tloc           18%        N/A       11%         2
 Lesser Beckoning         Tloc           18%        N/A       11%         2
 Slow                     Hex            8%         N/A       21%         1
 Teleport Other           Tloc           9%         N/A       21%         3
 Scorch                   Fire           4%         2d5       30%         2
 Confusing Touch          Hex            2%         N/A       52%         3
 Vampiric Draining        Necr           2%         2d6       52%         3
 Manifold Assault         Tloc           9%         N/A       56%         4
 Vhi's Electric Charge    Tloc/Air       12%        N/A       75%         4
 Flame Wave               Conj/Fire      2%         2d4       90%         4
 Summon Cactus Giant      Summ           1%         N/A       100%        6


Dungeon Overview and Level Annotations

Branches:
Dungeon (4/15)
 Temple: D:4-7

Altars:
Elyvilon

Annotations:
D:3 Grinder


Innate Abilities, Weirdness & Mutations

You are too large for most types of armour.
You have a pair of small horns on your head.
You have tough skin. (AC +1)
You gain doubled healing and magic from potions.
Whenever you drink a healing potion, you attack all around you.


Message History

HP restored.
You now have 140 gold pieces (gained 7).
The jelly quivers.
Found a white marble altar of Elyvilon.
The jelly barely misses you.
You hit the jelly but do no damage.
Your hands burn!
The jelly hits you. The acid corrodes you!
You are splashed with acid!
You hit the jelly.
Your hands burn!
The jelly is lightly wounded.
The jelly barely misses you. The jelly hits you.
You are splashed with acid!
You hit the jelly but do no damage.
Your hands burn!
You headbutt the jelly.
The jelly is moderately wounded.
The jelly closely misses you.
You are too injured to fight recklessly!
You barely miss the jelly. Your headbutt misses the jelly.
The jelly is moderately wounded.
The jelly hits you.
You are splashed with acid.
Unknown command.
You hit the jelly but do no damage.
Your hands burn!
You headbutt the jelly.
The jelly is heavily wounded.
The jelly hits you.
* * * LOW HITPOINT WARNING * * *
You are splashed with acid!
* * * LOW HITPOINT WARNING * * *
Unknown command.
You hit the jelly but do no damage.
Your hands burn!
* * * LOW HITPOINT WARNING * * *
You headbutt the jelly.
The jelly is severely wounded.
The jelly jiggles.
The jelly barely misses you.
Unknown command.
Unknown command.
It was a potion of degeneration.
There was something very wrong with that liquid.
You feel weakened.
You feel dopey.
You feel clumsy. The jelly hits you.
* * * LOW HITPOINT WARNING * * *
The acid corrodes you!
You are splashed with acid!
You die...

#################.#.......###.
............###.#.#.#...
≈≈≈####.##### #.#.....#.
###≈...#.## #.#...#...
_'....#..### #.#.###.#.
###≈...##...## #.#.# #.#.
≈≈≈≈...####..###.#.# #.#.
..#..............#.###...
.......J@................
..#........<.......######
#.......######...##
+.................#
#.......#####...#.#####
###..............<...(<
#.....#####..##..####
####.........###.##
#.$.......# #..#


You could see a jelly.

Vanquished Creatures
  A jelly (D:4)
  A bombardier beetle (D:4)
  An iguana (D:4)
  3 adders
  A dart slug (D:1)
  4 orcs (D:4)
  8 ball pythons
  9 endoplasms
  2 giant cockroaches (D:1)
  3 goblins
  6 hobgoblins
  6 kobolds
  3 quokkas
  4 bats (D:1)
  4 frilled lizards (D:1)
  3 rats
59 creatures vanquished.

Notes
Turn   | Place    | Note
-------+----------+-------------------------------------------
     0 | D:1      | AeshMezareph the Oni Warper began the quest for the Orb.
     0 | D:1      | Reached XP level 1. HP: 22/22 MP: 3/3
   239 | D:1      | Reached XP level 2. HP: 31/31 MP: 5/5
   640 | D:1      | Reached XP level 3. HP: 37/37 MP: 7/7
  1275 | D:2      | Identified the +5 trident "Kaykkikh" {heavy, Will+ rCorr}
  1547 | D:2      | Reached XP level 4. HP: 45/48 MP: 8/8
  1584 | D:2      | Noticed a black bear
  1601 | D:3      | Noticed Grinder
  1612 | D:3      | Paralysed by Grinder for 4 turns
  1619 | D:3      | Paralysed by Grinder for 3 turns
  2006 | D:4      | Reached XP level 5. HP: 55/55 MP: 10/10
  2292 | D:4      | Found a white marble altar of Elyvilon.
  2301 | D:4      | Splashed by a jelly's acid

Illustrated notes

Levels and vault maps discovered:
D:1:      minmay_arrival_pointy, layout_loops_ring, dk_noncrumbling_2,
          chequers_decorated_corner
D:2:      layout_rooms, serial_bayou_pond_e
D:3:      layout_loops_cross, kennysheep_nondescript, uniq_terence,
          uniq_crazy_yiuf_cottage, uniq_grinder, uniq_sigmund
D:4:      layout_basic, kennysheep_mini_moat, uniq_edmund, uniq_blork_the_orc,
          uniq_ijyb

Skill      XL: |  1  2  3  4  5 |
---------------+----------------+-----
Fighting       | 3 4 |  4.9
Spellcasting   | 3 4 |  4.0
Maces & Flails | 3 |  3.5
Throwing       | |  1.0
Dodging        | |  2.1
Translocations | |  2.6

Action                     |  1- 3 |  4- 6 || total
---------------------------+-------+-------++-------
  Melee: Mace              |    94 |    50 ||   144
         Headbutt          |    15 |    12 ||    27
         Dire flail        |       |    13 ||    13
    Use: Potion            |       |     2 ||     2
   Stab: Distracted        |     1 |       ||     1
 Armour: Robe              |    49 |    41 ||    90
  Dodge: Dodged            |    56 |    30 ||    86

Table legend: (Time is in decaauts)
 A = Elapsed time spent in this place.
 B = Non-inter-level travel time spent in this place.
 C = Inter-level travel time spent in this place.
 D = Time resting spent in this place.
 E = Time spent auto-exploring this place.
 F = Levels seen in this place.
 G = Mean time per level.
                   A        B        C        D        E       F      G
               +--------+--------+--------+--------+--------+-----+--------+
         Total |   2349 |   2314 |     35 |    547 |   1199 |   4 |  587.2 |
       Dungeon |   2349 |   2314 |     35 |    547 |   1199 |   4 |  587.2 |
               +--------+--------+--------+--------+--------+-----+--------+

Top non-repeatable levels by time:
     D:1: 1135 daAuts
     D:4: 690 daAuts
     D:2: 488 daAuts
     D:3: 35 daAuts
